 Dungeon Crawl Stone Soup version 0.28.0-62-gf88900778d (webtiles) character file.

Game seed: 14199064721416439740

84 Coron the Chopper (level 4, 0/42 HPs)
             Began as a Deep Dwarf Monk on Mar 16, 2023.
             Slain by Crazy Yiuf
             ... wielding a +4 quarterstaff of chaos
              (1 damage)
             ... while petrified by Crazy Yiuf
             ... on level 2 of the Dungeon.
             The game lasted 00:07:21 (1663 turns).

Coron the Chopper (Deep Dwarf Monk)                 Turns: 1663, Time: 00:07:21

Health: 0/42       AC:  6    Str: 16    XL:     4   Next: 23%
Magic:  3/3        EV:  2    Int: 11    God:
Gold:   30         SH:  0    Dex: 15    Spells: 3/3 levels left

rFire   . . .      SeeInvis .   a - +0 hand axe
rCold   . . .      Faith    .   (no shield)
rNeg    + + +      Spirit   .   h - +0 ring mail
rPois   ∞          Reflect  .   (no helmet)
rElec   .          Harm     .   (no cloak)
rCorr   .          Rampage  .   (no gloves)
Will    .....                   k - +0 pair of boots
Stlth   ++........              (no amulet)
HPRegen 0.00/turn               (no ring)
MPRegen 0.08/turn               (no ring)

@: lethally poisoned (0 -> 0), petrified
A: damage resistance, heal wounds, sense surroundings 1, no regeneration
a: Heal Wounds


You were on level 2 of the Dungeon.
You visited 1 branch of the dungeon, and saw 2 of its levels.

You collected 30 gold pieces.

Inventory:

Hand Weapons
 a - a +0 hand axe (weapon)
 d - a +0 hunting sling
Missiles
 b - 38 stones
Armour
 h - a +0 ring mail (worn)
 j - a +0 leather armour
 k - a +0 pair of boots (worn)
Scrolls
 c - a scroll of magic mapping {unknown}
 e - a scroll of amnesia {unknown}
Potions
 f - a potion of lignification
 g - a potion of brilliance
 i - a potion of flight


   Skills:
 - Level 3.0 Fighting
 - Level 4.0 Axes
 + Level 2.2 Armour
 - Level 4.0 Dodging
 - Level 3.0 Stealth


You had 3 spell levels left.
You didn't know any spells.
Your spell library contained the following spells:

 Spells                   Type           Power      Damage    Failure   Level
 Gell's Gravitas          Tloc           0%         N/A       89%         3
 Teleport Other           Tloc           0%         N/A       89%         3
 Dispersal                Tloc           0%         N/A       100%        6


Dungeon Overview and Level Annotations

Branches:
Dungeon (2/15)

Altars:

Annotations:
D:2 Crazy Yiuf


Innate Abilities, Weirdness & Mutations

You are resistant to damage.
You can heal yourself by infusing magical energy.
You passively map a small area around you.
You do not regenerate.


Message History

You feel very sick.
Crazy Yiuf hits you with a +4 quarterstaff of chaos!
Crazy Yiuf freezes you.
You fail to use your ability.
Crazy Yiuf hits you with a +4 quarterstaff of chaos.
You fail to use your ability.
Crazy Yiuf hits you with a +4 quarterstaff of chaos!
* * * LOW HITPOINT WARNING * * *
You are more poisoned.
You feel much better.
You feel very sick.
Crazy Yiuf laughs, "Buddy toodlewoodle Orb Guardian!"
Crazy Yiuf hits you with a +4 quarterstaff of chaos!
Space warps horribly around you!!
* * * LOW HITPOINT WARNING * * *
You feel much better.
Crazy Yiuf hits you with a +4 quarterstaff of chaos!
You are slowing down.
Unknown command.
Unknown command.
You hit Crazy Yiuf but do no damage.
Crazy Yiuf is moderately wounded.
Crazy Yiuf hits you with a +4 quarterstaff of chaos!
Crazy Yiuf hits you with a +4 quarterstaff of chaos.
Your limbs are stiffening.
You hit Crazy Yiuf but do no damage.
Crazy Yiuf is moderately wounded.
Crazy Yiuf says, "Ghoul ladder down!"
Crazy Yiuf hits you with a +4 quarterstaff of chaos!
You are more poisoned.
You have turned to stone.
Crazy Yiuf says, "Mugger spinner chair!"
Crazy Yiuf hits you with a +4 quarterstaff of chaos!
* * * LOW HITPOINT WARNING * * *
Crazy Yiuf hits you with a +4 quarterstaff of chaos.
* * * LOW HITPOINT WARNING * * *
Space warps horribly around you!!
* * * LOW HITPOINT WARNING * * *
Crazy Yiuf hits you with a +4 quarterstaff of chaos.
You die...

########
#....####.###.....#
#....# #.....##.##
###### ♣....♣
########.# .....#
♣♣...♣ #.# ####.#
♣♣.♣♣ #########.##
#.# ♣♣.♣
#........... #.#
♣.♣♣ ############
#.# ♣♣.♣ #.# ♣@♣♣
#.# #g# # ##.# ...
# #..# ### #..(# #
#.## #.# #)..# #
#.# #.# ##### #
#.### #.# # #...#
#.## ### ### ##
###># #..# #.# #.#
#.


You could see Crazy Yiuf.

Vanquished Creatures
  3 adders (D:2)
  A worm (D:2)
  3 dart slugs
  5 bats
  7 endoplasms
  2 giant cockroaches
  4 goblins
  4 hobgoblins
  2 quokkas
  7 ball pythons
  4 kobolds
  2 rats (D:1)
44 creatures vanquished.

Notes
Turn   | Place    | Note
-------+----------+-------------------------------------------
     0 | D:1      | Coron the Deep Dwarf Monk began the quest for the Orb.
     0 | D:1      | Reached XP level 1. HP: 20/20 MP: 1/1
   114 | D:1      | Reached XP level 2. HP: 27/27 MP: 2/2
   677 | D:1      | Reached XP level 3. HP: 15/34 MP: 3/3
  1002 | D:2      | Reached skill level 1 in Armour
  1258 | D:2      | Reached XP level 4. HP: 31/42 MP: 4/4
  1357 | D:2      | Found a runed translucent door.
  1358 | D:2      | Noticed Crazy Yiuf
  1662 | D:2      | HP: 1/42 [Crazy Yiuf/+4 quarterstaff of chaos (9)]
  1663 | D:2      | Slain by Crazy Yiuf

Illustrated notes

Levels and vault maps discovered:
D:1:      minmay_arrival_three_doors, layout_loops_ring
D:2:      layout_loops_ring, nrook_mini_vaults, uniq_crazy_yiuf_cottage

Skill      XL: |  1  2  3  4 |
---------------+-------------+-----
Stealth        | 3 |  3.0
Fighting       | 3 |  3.0
Axes           | 4 |  4.0
Dodging        | 4 |  4.0
Armour         | 1 2 |  2.2

Action                   |  1- 3 |  4- 6 || total
-------------------------+-------+-------++-------
Melee: Hand axe          |   121 |    28 ||   149
 Fire: Hunting sling     |       |     8 ||     8
 Abil: Heal Wounds       |     1 |     4 ||     5
  Use: Scroll            |     3 |       ||     3
 Stab: Sleeping          |     4 |       ||     4
Armor: Robe              |    21 |       ||    21
       Ring mail         |    17 |     9 ||    26
Dodge: Dodged            |    92 |    15 ||   107
